 Dungeon Crawl Stone Soup version 0.28.0-49-g6dfe1f597d (webtiles) character file.

Game seed: 10506569677750859682

15 Exodus22XD the Covered (level 2, 14/27 HPs)
             Began as a Minotaur Fighter on May 14, 2022.
             Was a Follower of Vehumet.
             Quit the game on level 1 of the Dungeon.
             The game lasted 00:00:26 (130 turns).

Exodus22XD the Covered (Minotaur Fighter)            Turns: 130, Time: 00:00:26

Health: 14/27      AC:  7    Str: 20    XL:     2   Next: 34%
Magic:  1/1        EV:  9    Int:  5    God:    Vehumet [*.....]
Gold:   0          SH:  4    Dex:  9    Spells: 1/1 levels left

rFire   . . .      SeeInvis .   a - +0 war axe
rCold   . . .      Faith    .   c - +0 buckler
rNeg    . . .      Spirit   .   b - +0 scale mail
rPois   .          Reflect  .   (helmet restricted)
rElec   .          Harm     .   (no cloak)
rCorr   .          Rampage  .   (no gloves)
Will    .....                   (no boots)
Stlth   ..........              (no amulet)
HPRegen 0.09/turn               (no ring)
MPRegen 0.07/turn               (no ring)

@: no status effects
A: horns 2, retaliatory headbutt
a: Renounce Religion


You were on level 1 of the Dungeon.
You worshipped Vehumet.
Vehumet was aware of your devotion.
You visited 1 branch of the dungeon, and saw 1 of its levels.

Inventory:

Hand Weapons
 a - a +0 war axe (weapon)
Armour
 b - a +0 scale mail (worn)
 c - a +0 buckler (worn)
Scrolls
 f - a scroll of identify {unknown}
Potions
 d - a potion of might
 e - a potion of mutation {unknown}


   Skills:
 + Level 3.9 Fighting
 + Level 2.6 Axes
 + Level 3.9 Armour
 + Level 3.9 Shields


You had one spell level left.
You didn't know any spells.
Your spell library was empty.

Dungeon Overview and Level Annotations

Branches:
Dungeon (1/15)

Altars:
Vehumet


Innate Abilities, Weirdness & Mutations

You have a pair of horns on your head.
You reflexively headbutt those who attack you in melee.


Message History

You see here a bat corpse.
The ball python barely misses you. You block the ball python's attack.
You slash the goblin!
You kill the goblin!
You closely miss the ball python. You block the ball python's attack. x2
The ball python bites you but does no damage.
The ball python barely misses you.
The ball python bites you but does no damage.
You block the ball python's attack.
There is an empty arch of ancient stone, spattered with blood here.
Things that are here:
a +0 dagger; a bat corpse You hit the ball python.
You kill the ball python!
A dart slug comes into view.
You are too injured to fight recklessly!
You are too injured to fight recklessly!
You are too injured to fight recklessly!
You slash the dart slug!
The dart slug is almost dead.
The dart slug launches a dart at you.
The slug dart hits you but does no damage.
You slash the dart slug!
You kill the dart slug!
There is a faded altar of an unknown god here.
You can't go down here!
There is a faded altar of an unknown god here.
There is a faded altar of an unknown god here.
You cannot tell which god this altar belongs to.
Convert to them anyway?
Vehumet accepts your prayer! Vehumet welcomes you!
You can now gain magical power from killing.
Vehumet offers you knowledge of Foxfire.
Unknown command.
Press < or > to pray at altars.
Unknown command.
Press < or > to pray at altars.
Are you sure you want to abandon this character and quit the game? (Confirm with "yes".)
Okay, then.
Are you sure you want to abandon this character and quit the game? (Confirm with "yes".)

.# #......# .###..###.# # .
# ##......##.###.##. ## .
##................ ##.
#.#....#...##..##.# ##..
###8.....∩...$.∩...# ##..#
..................#####..##
#.###..........).....#...##
#......@..)..∩.#....##
#.............^#.....##
#..............##.##..##
..∩..∩..8..∩..∩.##.###[.#
##..............###.# ##..
##.............# #.# ##.
#∩....[∩..∩...# #.# ##
#.............# #.# # #.#


There were no monsters in sight!

Vanquished Creatures
  A dart slug (D:1)
  A bat (D:1)
  3 endoplasms (D:1)
  2 hobgoblins (D:1)
  A quokka (D:1)
  A ball python (D:1)
  2 goblins (D:1)
11 creatures vanquished.

Notes
Turn   | Place    | Note
-------+----------+-------------------------------------------
     0 | D:1      | Exodus22XD the Minotaur Fighter began the quest for the
                  | Orb.
     0 | D:1      | Reached XP level 1. HP: 19/19 MP: 0/0
    93 | D:1      | Found a faded altar of an unknown god.
   104 | D:1      | Reached XP level 2. HP: 12/27 MP: 1/1
   129 | D:1      | Prayed at the altar of an unknown god.
   129 | D:1      | Became a worshipper of Vehumet
   129 | D:1      | Reached * piety under Vehumet
   129 | D:1      | Offered knowledge of Foxfire by Vehumet.
   130 | D:1      | Quit the game

Illustrated notes

Levels and vault maps discovered:
D:1:      dpeg_chamrin_arrival_tetris, layout_loops_ring, serial_shops,
          nicolae_shop_statue_plus, nicolae_shop_bloodbath_and_beyond,
          nicolae_shop_stone, hellmonk_ecumenical_altar_arch_garden,
          st_stairs_10

Action                   || total
-------------------------++-------
Melee: War axe           ||    14
       Headbutt          ||     2
Armor: Scale mail        ||    12
Dodge: Dodged            ||    12
Block: Buckler           ||     8
